 Dungeon Crawl Stone Soup version 0.29-a0-872-g797fff5ad1 (webtiles) character file.

Game seed: 17824162571990617310

99 xian the Trooper (level 4, -1/37 HPs)
             Began as a Demonspawn Fighter on July 18, 2022.
             Slain by a gnoll
             ... wielding a +0 club
              (7 damage)
             ... on level 3 of the Dungeon.
             The game lasted 00:04:19 (2353 turns).

xian the Trooper (Demonspawn Fighter)               Turns: 2353, Time: 00:04:20

Health: -1/37      AC:  7    Str: 24    XL:     4   Next: 45%
Magic:  4/4        EV: 10    Int:  9    God:
Gold:   234        SH:  4    Dex: 13    Spells: 3/3 levels left

rFire   . . .      SeeInvis .   a - +0 long sword
rCold   . . .      Faith    .   c - +0 buckler
rNeg    . . .      Spirit   .   b - +0 scale mail
rPois   .          Reflect  .   (no helmet)
rElec   .          Harm     .   o - +0 cloak
rCorr   .          Rampage  .   (no gloves)
Will    .....                   (no boots)
Stlth   ..........              (no amulet)
HPRegen 0.12/turn               g - +6 ring of strength
MPRegen 0.09/turn               (no ring)

@: no status effects
A: claws 1, sturdy frame 1
a: no special abilities


You were on level 3 of the Dungeon.
You visited 1 branch of the dungeon, and saw 3 of its levels.

You collected 234 gold pieces.

Inventory:

Hand Weapons
 a - a +0 long sword (weapon)
Missiles
 m - 6 poisoned darts (quivered)
Armour
 b - a +0 scale mail (worn)
 c - a +0 buckler (worn)
 o - a +0 cloak (worn)
Jewellery
 g - a +6 ring of strength (left claw)
Wands
 n - a wand of roots (2)
Scrolls
 k - 2 scrolls of teleportation {unknown}
 l - a scroll of noise {unknown}
 p - a scroll of blinking {unknown}
 q - a scroll of summoning {unknown}
Potions
 d - a potion of might
 e - a potion of attraction {unknown}
 f - 2 potions of flight
 h - a potion of mutation {unknown}
 i - a potion of curing
 j - a potion of heal wounds {unknown}


   Skills:
 + Level 3.7 Fighting
 + Level 2.7 Long Blades
 + Level 3.0 Armour
 + Level 1.2 Dodging
 + Level 3.1 Shields


You had 3 spell levels left.
You didn't know any spells.
Your spell library contained the following spells:

 Spells                   Type           Power      Damage    Failure   Level
 Passage of Golubria      Tloc           0%         N/A       100%        4
 Silence                  Hex/Air        0%         N/A       100%        5
 Lehudib's Crystal Spear  Conj/Erth      0%         10d2      100%        8


Dungeon Overview and Level Annotations

Branches:
Dungeon (3/15)

Altars:


Innate Abilities, Weirdness & Mutations

You have sharp fingernails.
Your movements are slightly less encumbered by armour. (ER -2)


Message History

You see here a ball python corpse.
k - 2 scrolls labelled HUUGEV EVEOD (gained 1) 3 gnolls come into view.
The gnoll shouts! x2
There are monsters nearby!
A gnoll comes into view. It is wielding a +2 vorpal halberd.
The gnoll shouts!
You hit the gnoll.
The gnoll is lightly wounded.
The gnoll barely misses you. The gnoll hits you but does no damage.
You closely miss the gnoll.
The gnoll is lightly wounded.
You block the gnoll's attack.
You slash the gnoll!
The gnoll is severely wounded.
The gnoll hits you with a +0 club.
You barely miss the gnoll.
The gnoll is severely wounded.
The gnoll closely misses you. The gnoll hits you with a +0 club.
You barely miss the gnoll. The gnoll misses you. You block the gnoll's attack.
The gnoll barely misses you.
You barely miss the gnoll. You block the gnoll's attack.
The gnoll barely misses you. The gnoll hits you with a +0 club.
You barely miss the gnoll. The gnoll hits you with a +0 club.
You block the gnoll's attack. The gnoll barely misses you.
You slash the gnoll!
You kill the gnoll!
The gnoll barely misses you. You block the gnoll's attack.
Your Shields skill increases to level 3!
The gnoll completely misses you. The gnoll hits you with a +0 club.
You see here a +0 club.
You barely miss the gnoll.
The gnoll hits you with a +2 vorpal halberd.
You block the gnoll's attack.
You slash the gnoll!
The gnoll is heavily wounded.
The gnoll hits you with a +2 vorpal halberd!
* * * LOW HITPOINT WARNING * * *
x2 The gnoll hits you with a +0 club!
You die...

.. .. .. ># .# .#
.#.#######.#######
.....gg@..........
##.#####g.........
#.........#...
#.###†......## ..#
#########>#
#......## #.#
#.........#
####...# ..#
#.######### #..###
..# #.# #.## #.#
#.# #.# +..


You could see 3 gnolls.

Vanquished Creatures
  A gnoll (D:3)
  4 adders
  7 bats
  6 endoplasms
  3 giant cockroaches (D:1)
  3 goblins
  6 hobgoblins
  3 quokkas
  9 ball pythons
  A frilled lizard (D:2)
  3 kobolds
  4 rats
50 creatures vanquished.

Vanquished Creatures (others)
  A fungus (D:1)
  A plant (D:1)
  4 toadstools (D:1)
6 creatures vanquished.

Grand Total: 56 creatures vanquished

Notes
Turn   | Place    | Note
-------+----------+-------------------------------------------
     0 | D:1      | xian the Demonspawn Fighter began the quest for the Orb.
     0 | D:1      | Reached XP level 1. HP: 18/18 MP: 1/1
   119 | D:1      | Gained mutation: You have sharp fingernails. [demonic
                  | ancestry]
   119 | D:1      | Reached XP level 2. HP: 23/24 MP: 2/2
   416 | D:1      | Found a faded altar of an unknown god.
   625 | D:1      | Reached XP level 3. HP: 13/29 MP: 3/3
  1366 | D:2      | Reached skill level 1 in Dodging
  1492 | D:2      | Gained mutation: Your movements are slightly less
                  | encumbered by armour. (ER -2) [demonic ancestry]
  1492 | D:2      | Reached XP level 4. HP: 37/37 MP: 4/4
  2353 | D:3      | Slain by a gnoll

Illustrated notes

Levels and vault maps discovered:
D:1:      dpeg_arrival_stonehenge_12_columns, layout_rooms,
          dreamdust_ecumenical_altar_grove, minmay_fountain_box,
          minmay_gold_behind_fungi, minivault_11, grunt_decor_resistance
D:2:      layout_rooms
D:3:      cheibrodos_greedy_goblins, layout_loops_ring

Skill      XL: |  1  2  3  4 |
---------------+-------------+-----
Long Blades    | 2 |  2.7
Armour         | 3 |  3.0
Dodging        | 1 |  1.2
Shields        | 3 |  3.1
Fighting       | |  3.7

Action                   |  1- 3 |  4- 6 || total
-------------------------+-------+-------++-------
Melee: Long sword        |   144 |    56 ||   200
  Use: Scroll            |       |     3 ||     3
Armor: Scale mail        |    68 |    36 ||   104
Dodge: Dodged            |   112 |    49 ||   161
Block: Buckler           |    33 |    27 ||    60

Table legend: (Time is in decaauts)
 A = Elapsed time spent in this place.
 B = Non-inter-level travel time spent in this place.
 C = Inter-level travel time spent in this place.
 D = Time resting spent in this place.
 E = Time spent auto-exploring this place.
 F = Levels seen in this place.
 G = Mean time per level.
                   A        B        C        D        E       F      G
               +--------+--------+--------+--------+--------+-----+--------+
         Total |   2417 |   2371 |     46 |    100 |   1597 |   3 |  805.7 |
       Dungeon |   2417 |   2371 |     46 |    100 |   1597 |   3 |  805.7 |
               +--------+--------+--------+--------+--------+-----+--------+

Top non-repeatable levels by time:
     D:1: 940 daAuts
     D:2: 932 daAuts
     D:3: 544 daAuts
